 Dungeon Crawl Stone Soup version 0.28-a0-1182-g381e24db82 (webtiles) character file.

Game seed: 8996640009254267190

244143 browni3141 the Sniper (level 20, 0/147 HPs)
             Began as a Formicid Fighter on Dec 17, 2021.
             Was a High Priest of Okawaru.
             Hit by a silver javelin thrown by a merfolk javelineer (3 damage)
             ... on level 4 of the Shoals.
             The game lasted 01:43:16 (51738 turns).

browni3141 the Sniper (Formicid Fighter)           Turns: 51738, Time: 01:43:17

Health: 0/147      AC: 28    Str: 31    XL:     20   Next: 22%
Magic:  29/30      EV: 15    Int: 13    God:    Okawaru [*****.]
Gold:   732        SH: 23    Dex: 14    Spells: 19/19 levels left

rFire   . . .      SeeInvis +   b - +2 triple crossbow (flame)
rCold   + + .      Faith    .   j - +2 tower shield {rC+}
rNeg    + + +      Spirit   .   O - +0 storm dragon scales
rPois   +          Reflect  .   (helmet unavailable)
rElec   +          Harm     .   m - +2 cloak {rC+}
rCorr   .          Rampage  .   H - +2 pair of gloves {infuse}
Will    ++++.                   q - +2 pair of boots of Lompawosof {rF- Will+ Dex+4}
Stlth   ..........              r - amulet "Zemax" {Acrobat rC+ rN+ Str+2 Int+2}
HPRegen 0.34/turn               p - ring of poison resistance
MPRegen 0.22/turn               D - ring of Accord {Drain rF+ rC- rN++ Will+ Int+2}

@: heroic, invisible
A: permanent stasis, dig shafts and tunnels, antennae 3, four strong arms
}: 2/15 runes: serpentine, barnacled
a: Dig, Shaft Self, Renounce Religion, Heroism, Finesse, Duel


You were on level 4 of the Shoals.
You worshipped Okawaru.
Okawaru was extremely pleased with you.
You visited 6 branches of the dungeon, and saw 32 of its levels.
You also visited: Ice Cave.

You collected 3692 gold pieces.
You spent 2960 gold pieces at shops.

Inventory:

Hand Weapons
 a - a +0 great sword of electrocution
 b - a +2 triple crossbow of flaming (weapon)
Missiles
 o - 10 throwing nets
 z - 481 bolts (quivered ammo)
 I - 8 curare-tipped darts
Armour
 j - a +2 tower shield of cold resistance (worn)
 m - a +2 cloak of cold resistance (worn)
 q - the +2 pair of boots of Lompawosof (worn) {rF- Will+ Dex+4}
   (Okawaru gifted it to you on level 6 of the Lair of Beasts)

   Dex:       It affects your dexterity (+4).
   rF:        It makes you vulnerable to fire.
   Will:      It increases your willpower.
 H - a +2 pair of gloves of infusion (worn)
 O - +0 storm dragon scales (worn)
Jewellery
 c - a ring of ice
 p - a ring of poison resistance (left hand)
 r - the amulet "Zemax" (around neck) {Acrobat rC+ rN+ Str+2 Int+2}
   (You bought it in a shop on level 2 of the Orcish Mines)

   [amulet of the acrobat]

   It increases your evasion while moving and waiting.
   Str:       It affects your strength (+2).
   Int:       It affects your intelligence (+2).
   rC:        It protects you from cold.
   rN:        It protects you from negative energy.
 D - the ring of Accord (right hand) {Drain rF+ rC- rN++ Will+ Int+2}
   (You bought it in a shop on level 3 of the Snake Pit)

   [ring of willpower]

   Int:       It affects your intelligence (+2).
   rF:        It protects you from fire.
   rC:        It makes you vulnerable to cold.
   rN:        It greatly protects you from negative energy.
   Drain:     It drains your maximum health when unequipped.
   Will:      It increases your willpower.
 N - a ring of flight
 Y - a ring of wizardry
Wands
 w - a wand of flame (42)
 y - a wand of paralysis (1)
 K - a wand of digging (6)
 M - a wand of iceblast (21)
 R - a wand of acid (16)
Scrolls
 e - 5 scrolls of amnesia
 g - 8 scrolls of enchant armour
 h - 10 scrolls of blinking
 l - 5 scrolls of magic mapping
 n - a scroll of immolation
 A - 7 scrolls of enchant weapon
 B - 6 scrolls of vulnerability
 E - 4 scrolls of noise
 F - 4 scrolls of fear
 G - 17 scrolls of teleportation
 J - 2 scrolls of brand weapon
 P - 2 scrolls of torment
 Q - 12 scrolls of identify
 S - 3 scrolls of holy word
 T - 2 scrolls of silence
 W - 2 scrolls of summoning
 Z - 4 scrolls of fog
Potions
 d - a potion of cancellation
 f - 8 potions of degeneration
 i - a potion of might
 k - 7 potions of attraction
 s - 3 potions of haste
 v - 3 potions of heal wounds
 x - 4 potions of magic
 C - 14 potions of curing
 L - 4 potions of flight
 U - 4 potions of brilliance
 V - 2 potions of lignification
 X - 3 potions of mutation
Miscellaneous
 u - a lightning rod (4/4)


   Skills:
 + Level 10.3(15.3) Fighting
 + Level 17.9(22.9) Long Blades
 * Level 21.7(26.7) Crossbows
 + Level 10.3(15.3) Armour
 + Level 8.0(13.0) Dodging
 - Level 15.0(20.0) Shields
 - Level 14.0 Invocations


You had 19 spell levels left.
You didn't know any spells.
Your spell library contained the following spells:

 Spells                   Type           Power      Damage    Failure   Level
 Apportation              Tloc           0%         N/A       67%         1
 Freeze                   Ice            0%         1d3       67%         1
 Pain                     Necr           0%         1d4       67%         1
 Frozen Ramparts          Ice            0%         1d2       96%         3
 Airstrike                Air            0%         N/A       100%        4
 Hailstorm                Conj/Ice       0%         3d3       100%        4
 Agony                    Necr           0%         N/A       100%        5
 Excruciating Wounds      Necr           0%         N/A       100%        5
 Lightning Bolt           Conj/Air       0%         1d11      100%        5
 Manifold Assault         Tloc           0%         N/A       100%        5
 Dispersal                Tloc           0%         N/A       100%        6
 Storm Form               Tmut/Air       0%         N/A       100%        7
 Disjunction              Tloc           0%         N/A       100%        8
 Blink                    Tloc           Unusable   N/A       N/A         2
 Summon Lightning Spire   Summ/Air       Unusable   N/A       N/A         4

Dungeon Overview and Level Annotations

Branches:
Dungeon (15/15)            Temple (1/1) D:7            Lair (6/6) D:8
 Shoals (4/4) Lair:4        Snake (4/4) Lair:3        Slime (0/5) Lair:5
    Orc (2/2) D:9             Elf (0/3) Orc:2        Vaults (0/5) D:14
 Depths (0/4) D:15          IceCv (visited)

Altars:
Ashenzari
Cheibriados
Dithmenos
Elyvilon
Fedhas
Gozag
Hepliaklqana
Kikubaaqudgha
Makhleb
Nemelex Xobeh
Okawaru
Qazlal
Ru
Sif Muna
Trog
Uskayaw
Vehumet
Wu Jian
Xom
Yredelemnul
Zin
The Shining One
Beogh
Jiyva
Lugonu

Shops:
D:1 :   D:3 *[   D:8 *   D:10 !   Orc:2 =((*(   Shoals:1 [*[   Snake:1 (
Snake:3 :==

Portals:
Abyss: Lair:6 Snake:2

Annotations:
Snake:2 2 transporters, petzl's ghost, adept OpAM


Innate Abilities, Weirdness & Mutations

You cannot be hasted, slowed, berserked, paralysed or teleported.
You can dig through walls and to a lower floor.
You have a pair of large antennae on your head. (SInv)
Your four strong arms can wield two-handed weapons with a shield.


Message History

The snapping turtle hisses angrily.
The merfolk javelineer throws a silver javelin.
The silver javelin pierces through you!
* * * LOW HITPOINT WARNING * * *
x2 Unknown command.
The snapping turtle hisses angrily.
Your hands slow down.
The snapping turtle hisses angrily.
Fire: 484 bolts
Press: ? - help, Q - select action, (/) - cycle Shift-Dir - straight line, f - snapping turtle
Aim: a snapping turtle (wandering, hasn't noticed you, 86% to hit)
You shoot a bolt. The bolt hits the snapping turtle.
The bolt burns the snapping turtle.
The snapping turtle is lightly wounded.
The snapping turtle hisses angrily.
Fire: 483 bolts
Press: ? - help, Q - select action, (/) - cycle Shift-Dir - straight line, f - goliath frog, p - snapping turtle
Aim: a goliath frog (almost dead, 62% to hit)
You shoot a bolt. The bolt misses the goliath frog.
The snapping turtle hisses angrily.
Unknown command.
Aiming: Iceblast
Press: ? - help, Shift-Dir - straight line, p - goliath frog The mass of ice explodes!
The iceblast engulfs the goliath frog!
You kill the goliath frog!
Okawaru accepts your kill.
The iceblast engulfs the snapping turtle!
The snapping turtle is moderately wounded.
Unknown command.
Unknown command.
Fire: 482 bolts
Press: ? - help, Q - select action, (/) - cycle Shift-Dir - straight line, f - merfolk javelineer
Aim: a merfolk javelineer, wielding a +2 spear of venom, wearing a +0 leather armour and quivering silver javelins (71% to hit)
You shoot a bolt. The bolt hits the merfolk javelineer!!!
The bolt burns the merfolk javelineer!
The merfolk javelineer is almost dead.
The merfolk javelineer throws a silver javelin.
The silver javelin pierces through you!!
* * * LOW HITPOINT WARNING * * *
You die...

≈≈≈≈≈P≈≈≈.............(
≈≈≈P≈≈P≈....(........(.
≈≈≈≈≈≈≈..........!({...
≈≈≈≈≈ ≈..).......(((..(
≈≈≈ ≈.........(F...)(
≈≈≈ #...)(.(..# ≈≈≈
##(().(m.m# ≈##
#(.##....##((# ≈≈#
#...t.@# ..≈. ≈##
##....## #(# ≈≈#{
##.....# m ≈## #.....##
≈## { { ##....≈# ≈≈##
##.....### ≈≈≈####
##........#
≈≈≈#≈≈###≈≈=......#
≈≈≈[≈≈†...≈≈≈.......


You could see a merfolk javelineer and a snapping turtle.

Vanquished Creatures
  Vashnia (Arena)
  Nikola (Shoals:1)
  Mlioglotl (Snake:4)
  Agnes (D:14)
  6 nagarajas
  Louise (Shoals:1)
  Aizul (Snake:4)
  A frost giant (Shoals:3)
  A reaper (IceCv)
  A very ugly thing (D:14)
  A stone giant (Orc:2)
  2 dire elephants (Snake:1)
  2 merfolk javelineers
  9 merfolk impalers
  Josephine (Lair:5)
  11 hydras
  A boulder beetle (D:15)
  5 ogre magi
  2 catoblepae
  17 naga warriors
  7 centaur warriors
  3 alligator snapping turtles
  20 two-headed ogres
  2 alligators (Shoals:4)
  A salamander tyrant (Snake:3)
  7 merfolk aquamancers
  2 merfolk avatars
  12 anacondas
  2 satyrs
  A tengu warrior (D:14)
  12 death yaks
  2 thrashing horrors (Lair:6)
  17 naga sharpshooters
  6 shock serpents
  A deep elf knight (Snake:1)
  5 skeletal warriors
  A salamander mystic (Snake:3)
  2 deep trolls (Orc:1)
  2 goliath frogs (Shoals:4)
  14 sea snakes
  8 naga ritualists
  A deep elf archer (Snake:1)
  A wizard (D:10)
  2 large abominations (Lair:6)
  A necromancer (Lair:5)
  7 harpies (Shoals:1)
  4 orc knights
  4 deep elf pyromancers
  9 ugly things
  12 mana vipers
  A wolf spider (shapeshifter) (Lair:6)
  An orc sorcerer (Orc:1)
  23 fauns
  15 salamanders
  17 manticores
  3 elephants (Lair:5)
  7 cyclopes
  5 guardian serpents
  11 merfolk sirens
  26 black mambas
  23 naga magi
  4 water nymphs
  2 ice statues (IceCv)
  5 gargoyles
  A cane toad (shapeshifter) (Lair:6)
  A smoke demon (Lair:6)
  A torpor snail (Lair:5)
  14 cane toads
  5 rime drakes
  An efreet (D:14)
  An unseen horror (D:12)
  11 komodo dragons
  3 freezing wraiths
  3 ancient zymes (Lair:6)
  An anaconda simulacrum (IceCv)
  5 ice devils (IceCv)
  16 trolls
  A polar bear (shapeshifter) (D:13)
  A tengu conjurer (D:14)
  6 wind drakes
  18 blink frogs
  18 merfolk
  13 dream sheep
  A hornet (D:7)
  4 slime creatures (D:14)
  A raiju (Snake:1)
  13 snapping turtles
  A spriggan (Lair:6)
  A vampire (D:13)
  A shadow (D:9)
  17 water elementals
  A tarantella (shapeshifter) (Lair:6)
  4 wyverns
  A spriggan (shapeshifter) (D:15)
  7 wraiths
  A dire elephant simulacrum (IceCv)
  3 ynoxinuls (Lair:6)
  4 basilisks
  32 yaks
  2 death yak simulacra (IceCv)
  3 vampire mosquitoes (D:15)
  5 steam dragons
  2 harpy simulacra (IceCv)
  Menkaure (D:7)
  53 nagas
  7 wargs
  3 acid dragons
  13 water moccasins
  A swamp drake (D:15)
  11 small abominations (Lair:6)
  A black bear (Lair:2)
  2 necrophages (D:5)
  27 ogres
  19 orc warriors
  15 wolves
  14 centaurs
  4 phantoms
  10 bullfrogs
  A kobold brigand (D:8)
  A wyvern zombie (D:6)
  2 two-headed ogre simulacra (IceCv)
  4 scorpions
  2 cane toad simulacra (IceCv)
  A water moccasin skeleton (D:5)
  4 killer bees (D:9)
  2 troll zombies (D:9)
  An elephant simulacrum (IceCv)
  An electric eel (D:7)
  8 wights
  A centaur zombie (D:8)
  4 hounds
  22 orc priests
  3 bullfrog skeletons
  Jessica (D:3)
  2 gnoll shamans
  2 iguanas (D:5)
  22 orc wizards
  5 hell rats (Lair:4)
  3 polar bear simulacra (Lair:5)
  2 spriggan simulacra (IceCv)
  2 yak simulacra (Lair:5)
  3 troll simulacra (IceCv)
  4 wolf simulacra
  6 ogre zombies (D:9)
  3 hound skeletons
  A howler monkey zombie (D:5)
  Robin (D:4)
  14 gnolls
  2 howler monkey skeletons (D:6)
  5 adders
  A naga simulacrum (IceCv)
  3 white imps
  3 ufetubi
  An adder zombie (D:5)
  An adder skeleton (D:4)
  4 worms
  80 orcs
  8 ball pythons
  4 endoplasms
  5 giant cockroaches
  15 goblins
  9 hobgoblins
  6 jackals
  4 quokkas
  3 bats
  4 frilled lizards
  A goblin skeleton (D:9)
  3 goblin zombies (D:9)
  2 hobgoblin skeletons (D:9)
  A hobgoblin zombie (D:9)
  9 kobolds
  An orc skeleton (D:9)
  17 orc zombies (D:9)
  4 rats (D:1)
  3 river rat simulacra (Lair:5)
1109 creatures vanquished.

Vanquished Creatures (others)
  Maurice (D:12)
  A wind drake (Shoals:3)
  A bush (Lair:4)
  46 fungi
  122 plants
171 creatures vanquished.

Grand Total: 1280 creatures vanquished

Notes
Turn   | Place    | Note
-------+----------+-------------------------------------------
     0 | D:1      | browni3141 the Formicid Fighter began the quest for the
                  | Orb.
     0 | D:1      | Reached XP level 1. HP: 18/18 MP: 1/1
    84 | D:1      | Reached XP level 2. HP: 24/24 MP: 2/2
   262 | D:1      | Found Vonavigh's Book Emporium.
   562 | D:1      | Reached XP level 3. HP: 19/29 MP: 3/3
  1027 | D:2      | Reached XP level 4. HP: 20/35 MP: 4/4
  1485 | D:2      | Found a faded altar of an unknown god.
  1531 | D:3      | Found Zin's Purification Station.
  1531 | D:3      | Found a glowing silver altar of Zin.
  1888 | D:3      | Found a stormy altar of Qazlal.
  1889 | D:3      | Noticed an air elemental
  1890 | D:3      | Noticed a water elemental
  1913 | D:3      | Noticed an earth elemental
  1935 | D:3      | Noticed a fire elemental
  2031 | D:3      | Noticed a scorpion
  2039 | D:3      | Killed a scorpion
  2040 | D:3      | Reached skill level 5 in Long Blades
  2040 | D:3      | Reached XP level 5. HP: 41/41 MP: 5/5
  2481 | D:3      | Found Jelaef's Armour Emporium.
  2561 | D:3      | Noticed Jessica
  2575 | D:3      | Killed Jessica
  2576 | D:3      | Reached XP level 6. HP: 42/47 MP: 6/6
  2649 | D:3      | Got Jessica's Disquisition on the Voyage
  3188 | D:4      | Reached XP level 7. HP: 45/52 MP: 7/7
  3604 | D:4      | Noticed Robin
  3633 | D:4      | Killed Robin
  3962 | D:5      | Entered Level 5 of the Dungeon
  4327 | D:5      | Noticed a water moccasin
  4355 | D:5      | Killed a water moccasin
  4356 | D:5      | Reached XP level 8. HP: 31/58 MP: 8/8
  4599 | D:5      | Noticed a troll
  4675 | D:5      | Noticed a two-headed ogre
  4746 | D:5      | Killed a two-headed ogre
  4747 | D:5      | Reached skill level 10 in Long Blades
  4747 | D:5      | Reached XP level 9. HP: 62/64 MP: 9/9
  4972 | D:5      | Killed a troll
  6084 | D:6      | Noticed a gargoyle
  6265 | D:6      | Noticed a gargoyle
  6278 | D:6      | Killed a gargoyle
  7047 | D:6      | Killed a gargoyle
  7048 | D:6      | Reached XP level 10. HP: 55/70 MP: 4/10
  7630 | D:6      | Found a basalt altar of Yredelemnul.
  7734 | D:6      | Found a bloodstained altar of Trog.
  8027 | D:7      | Reached skill level 1 in Crossbows
  8203 | D:7      | Noticed Menkaure
  8207 | D:7      | Killed Menkaure
  8301 | D:7      | Reached skill level 2 in Crossbows
  8301 | D:7      | Reached skill level 1 in Dodging
  8490 | D:7      | Found a staircase to the Ecumenical Temple.
  8564 | Temple   | Entered the Ecumenical Temple
  8866 | Temple   | Became a worshipper of Warmaster Okawaru
  9351 | D:7      | Reached skill level 1 in Invocations
  9773 | D:8      | Found Enutz's General Store.
 10130 | D:8      | Noticed a death yak
 10131 | D:8      | Noticed a death yak
 10156 | D:8      | Killed a death yak
 10156 | D:8      | Reached * piety under Okawaru
 10157 | D:8      | Reached skill level 3 in Crossbows
 10157 | D:8      | Reached XP level 11. HP: 74/77 MP: 1/13
 10161 | D:8      | Noticed a death yak
 10203 | D:8      | Noticed a death yak
 10204 | D:8      | Noticed a death yak
 10240 | D:7      | Killed a death yak
 10426 | D:8      | Noticed a death yak
 10452 | D:7      | Killed a death yak
 10452 | D:7      | Reached ** piety under Okawaru
 10453 | D:7      | Reached skill level 4 in Crossbows
 10453 | D:7      | Reached skill level 5 in Shields
 10479 | D:7      | Killed a death yak
 10609 | D:8      | Found a radiant altar of Vehumet.
 10792 | D:8      | Found a staircase to the Lair.
 10799 | D:8      | Identified the +3 war axe of Enassiuz {antimagic, rCorr
                  | Stlth+}
 10840 | D:8      | Killed a death yak
 10841 | D:8      | Reached skill level 5 in Fighting
 10841 | D:8      | Reached skill level 5 in Armour
 10841 | D:8      | Reached skill level 5 in Invocations
 10846 | D:8      | Killed a death yak
 10846 | D:8      | Reached *** piety under Okawaru
 10847 | D:8      | Reached skill level 5 in Crossbows
 11256 | D:9      | Found a shadowy altar of Dithmenos.
 11362 | D:9      | Found a blossoming altar of Fedhas.
 11625 | D:9      | Reached **** piety under Okawaru
 11782 | D:9      | Received a gift from Okawaru
 11934 | D:9      | Found a staircase to the Orcish Mines.
 12514 | D:9      | Found a sacrificial altar of Ru.
 12526 | D:9      | Found an ornate altar of the Wu Jian Council.
 12601 | D:10     | Entered Level 10 of the Dungeon
 12740 | D:10     | Found a sparkling altar of Nemelex Xobeh.
 13081 | D:10     | Reached XP level 12. HP: 59/87 MP: 13/17
 13234 | D:10     | Reached skill level 6 in Crossbows
 13300 | D:10     | Found Kufutot's Distillery.
 13308 | D:10     | Bought a potion of mutation for 104 gold pieces
 13308 | D:10     | Bought a potion of heal wounds for 65 gold pieces
 13308 | D:10     | Bought a potion of heal wounds for 65 gold pieces
 13308 | D:10     | Bought a potion of brilliance for 52 gold pieces
 13737 | D:11     | Noticed a two-headed ogre
 13748 | D:11     | Noticed a two-headed ogre
 13750 | D:11     | Killed a two-headed ogre
 13870 | Lair:1   | Entered Level 1 of the Lair of Beasts
 13938 | Lair:1   | Reached ***** piety under Okawaru
 14000 | Lair:1   | Noticed a five-headed hydra
 14325 | D:8      | Killed a five-headed hydra
 14651 | Lair:1   | Noticed a four-headed hydra
 14963 | Lair:1   | Killed a four-headed hydra
 14964 | Lair:1   | Reached skill level 7 in Crossbows
 15209 | Lair:1   | Received a gift from Okawaru
 15380 | Lair:1   | Noticed an eight-headed hydra
 15407 | Lair:1   | Killed an eight-headed hydra
 15503 | Lair:1   | Received a gift from Okawaru
 16851 | Lair:2   | Received a gift from Okawaru
 17147 | Lair:2   | Reached XP level 13. HP: 92/95 MP: 11/19
 17352 | Lair:2   | Noticed a catoblepas
 17373 | Lair:2   | Killed a catoblepas
 17374 | Lair:2   | Reached skill level 8 in Crossbows
 17374 | Lair:2   | Reached skill level 5 in Dodging
 17914 | Lair:3   | You fall into a shaft and drop 3 floors!
 17914 | Lair:6   | Entered Level 6 of the Lair of Beasts
 17946 | Lair:6   | Identified the +4 scale mail of Pyehy {Regen+ Int+3 SInv}
                  | (Okawaru gifted it to you on level 6 of the Lair of Beasts)
 17946 | Lair:6   | Received a gift from Okawaru
 18533 | Lair:6   | Reached skill level 10 in Invocations
 18819 | Lair:6   | Noticed a catoblepas
 18841 | Lair:6   | Killed a catoblepas
 19040 | Lair:5   | Reached skill level 9 in Crossbows
 19641 | Lair:3   | Found a staircase to the Snake Pit.
 19713 | Lair:3   | Noticed an eight-headed hydra
 21109 | Lair:4   | Killed an eight-headed hydra
 21123 | Lair:4   | Noticed a six-headed hydra
 21135 | Lair:4   | Killed a six-headed hydra
 21135 | Lair:4   | Received a gift from Okawaru
 21136 | Lair:4   | Reached XP level 14. HP: 70/105 MP: 9/22
 21436 | Lair:4   | Reached ****** piety under Okawaru
 21771 | Lair:4   | Found a staircase to the Shoals.
 21822 | Lair:4   | Received a gift from Okawaru
 22153 | Lair:5   | Noticed Josephine
 22166 | Lair:5   | Killed Josephine
 22167 | Lair:5   | Reached skill level 10 in Crossbows
 22304 | Lair:5   | Received a gift from Okawaru
 22527 | Lair:5   | Found a viscous altar of Jiyva.
 22529 | Lair:5   | Found a staircase to the Slime Pits.
 23099 | Lair:5   | Received a gift from Okawaru
 24107 | Lair:6   | Received a gift from Okawaru
 24335 | Lair:6   | Identified the +2 pair of boots of Lompawosof {rF- Will+
                  | Dex+4} (Okawaru gifted it to you on level 6 of the Lair of
                  | Beasts)
 24335 | Lair:6   | Received a gift from Okawaru
 25521 | Lair:6   | Reached skill level 11 in Crossbows
 25521 | Lair:6   | Reached XP level 15. HP: 96/113 MP: 9/24
 25677 | Lair:6   | Found a corrupted altar of Lugonu.
 25677 | Lair:6   | Found a one-way gate to the infinite horrors of the Abyss.
 25942 | Orc:1    | Entered Level 1 of the Orcish Mines
 26192 | Orc:1    | Found a frozen archway.
 26519 | IceCv    | Entered an ice cave
 26558 | IceCv    | Identified a scroll of acquirement
 26561 | IceCv    | Acquired 832 gold pieces
 27647 | IceCv    | Received a gift from Okawaru
 27818 | IceCv    | Noticed a reaper
 27925 | IceCv    | Killed a reaper
 28484 | Orc:1    | Received a gift from Okawaru
 28860 | Orc:1    | Received a gift from Okawaru
 29049 | Orc:2    | Entered Level 2 of the Orcish Mines
 29365 | Orc:2    | Noticed a stone giant
 29389 | Orc:2    | Killed a stone giant
 29842 | Orc:1    | Reached skill level 12 in Crossbows
 29842 | Orc:1    | Reached skill level 10 in Shields
 30008 | Orc:2    | Found a staircase to the Elven Halls.
 30071 | Orc:2    | Found Loewkoam's Assorted Antiques.
 30073 | Orc:2    | Found Coesha's Weapon Boutique.
 30082 | Orc:2    | Found Noc Raipn's Antique Weapon Emporium.
 30092 | Orc:2    | Found Ydghehuaf's Jewellery Shop.
 30101 | Orc:2    | Bought the amulet "Zemax" {Acrobat rC+ rN+ Str+2 Int+2} for
                  | 735 gold pieces
 30344 | Orc:2    | Reached skill level 10 in Armour
 30581 | Orc:2    | Found Hichoni's Antique Weapon Shop.
 30707 | Orc:2    | Reached skill level 10 in Fighting
 30813 | D:8      | Bought a manual of Crossbows for 1200 gold pieces
 30986 | D:11     | Reached XP level 16. HP: 122/122 MP: 26/26
 31128 | D:11     | Found a blossoming altar of Fedhas.
 31532 | D:12     | Received a gift from Okawaru
 31831 | D:12     | Reached skill level 13 in Crossbows
 32169 | D:12     | Noticed Maurice
 32179 | D:12     | Killed Maurice
 33075 | D:13     | Found a snail-covered altar of Cheibriados.
 33185 | D:13     | Reached skill level 14 in Crossbows
 33341 | D:13     | Received a gift from Okawaru
 34006 | D:14     | Received a gift from Okawaru
 34111 | D:14     | Reached skill level 15 in Crossbows
 34284 | D:14     | Noticed Agnes
 34294 | D:14     | Killed Agnes
 34632 | D:14     | Found a gate to the Vaults.
 34902 | D:15     | Entered Level 15 of the Dungeon
 35584 | D:15     | Reached skill level 16 in Crossbows
 36056 | D:15     | Reached XP level 17. HP: 45/128 MP: 19/27
 36380 | D:15     | Found a staircase to the Depths.
 36827 | Snake:1  | Entered Level 1 of the Snake Pit
 37121 | Snake:1  | Identified the +2 robe of Oveoceb {Harm Int+3 SInv Stlth+}
                  | (Okawaru gifted it to you on level 1 of the Snake Pit)
 37121 | Snake:1  | Received a gift from Okawaru
 37544 | Snake:1  | Found Igiky's Antique Weapon Emporium.
 37585 | Snake:1  | Reached skill level 15 in Long Blades
 37590 | Snake:1  | Reached skill level 17 in Crossbows
 39264 | Arena    | Entered the Arena
 39549 | Snake:2  | Found a transporter.
 39556 | Snake:2  | Found a transporter.
 39792 | Snake:2  | Noticed a tentacled starspawn
 39843 | Snake:2  | Identified the +8 spear "Vuoz" {freeze, Int-2 Dex+8}
 39843 | Snake:2  | Identified the ring of Fytehesu {Fire Str+4}
 39849 | Snake:2  | Noticed a hellephant
 40135 | Snake:2  | Received a gift from Okawaru
 40411 | Snake:3  | Reached skill level 18 in Crossbows
 41227 | Snake:2  | Noticed petzl's ghost (adept OpAM)
 41449 | Snake:3  | Reached XP level 18. HP: 129/134 MP: 28/28
 41590 | Arena    | Entered the Arena
 42334 | Snake:3  | Found Zienul's Jewellery Boutique.
 42335 | Snake:3  | Found Raicaala's Book Emporium.
 42453 | Snake:3  | Found Bugum's Jewellery Boutique.
 42463 | Snake:3  | Bought the ring of Accord {Drain rF+ rC- rN++ Will+ Int+2}
                  | for 739 gold pieces
 42834 | Snake:4  | Entered Level 4 of the Snake Pit
 42879 | Snake:4  | Noticed Vashnia
 43072 | Arena    | Entered the Arena
 43086 | Arena    | Killed Vashnia
 43284 | Snake:4  | Noticed Aizul
 43297 | Snake:4  | Killed Aizul
 43297 | Snake:4  | Received a gift from Okawaru
 43298 | Snake:4  | Reached skill level 19 in Crossbows
 44447 | Snake:4  | Identified the +1 plate armour "Hisheh" {rC- Str+8 Dex+3}
                  | (Okawaru gifted it to you on level 4 of the Snake Pit)
 44447 | Snake:4  | Received a gift from Okawaru
 45035 | Snake:4  | Reached skill level 15 in Shields
 45073 | Snake:4  | Noticed Mlioglotl
 45083 | Snake:4  | Killed Mlioglotl
 45194 | Snake:4  | Got a serpentine rune of Zot
 45957 | Lair:4   | Reached XP level 19. HP: 140/140 MP: 29/29
 45975 | Shoals:1 | Entered Level 1 of the Shoals
 46200 | Shoals:1 | Reached skill level 20 in Crossbows
 46203 | Shoals:1 | Noticed Nikola
 46220 | Shoals:1 | Killed Nikola
 46245 | Shoals:1 | Found Becruwki's Antique Armour Shop.
 46260 | Shoals:1 | Found Jaxtum's General Store.
 46353 | Shoals:1 | Received a gift from Okawaru
 46627 | Shoals:1 | Received a gift from Okawaru
 47087 | Shoals:1 | Noticed Louise
 47099 | Shoals:1 | Killed Louise
 47121 | Shoals:1 | Found Laecveq's Antique Armour Boutique.
 47466 | Shoals:2 | Received a gift from Okawaru
 48195 | Shoals:2 | Identified the +10 dagger of Noipi {vorpal, rC+ Int-4 SInv}
 48438 | Shoals:3 | Reached skill level 21 in Crossbows
 48773 | Shoals:3 | Received a gift from Okawaru
 49877 | Shoals:4 | Entered Level 4 of the Shoals
 50230 | Arena    | Entered the Arena
 50708 | Shoals:3 | Reached XP level 20. HP: 91/147 MP: 27/30
 51225 | Shoals:4 | Received a gift from Okawaru
 51528 | Shoals:4 | Got a barnacled rune of Zot
 51720 | Shoals:4 | Received a gift from Okawaru
 51738 | Shoals:4 | HP: 3/147 [merfolk javelineer/silver javelin (19)]
 51738 | Shoals:4 | Hit by a silver javelin thrown by a merfolk javelineer

Illustrated notes

Levels and vault maps discovered:
D:1:      dpeg_arrival_simpleton_c, layout_loops_ring, serial_shops, shop
D:2:      layout_rooms, hellmonk_ecumenical_altar_inner_sanctum
D:3:      cheibrodos_greedy_goblins, layout_basic,
          nicolae_qazlal_style_of_elements, zin_purify, serial_shops, shop,
          kennysheep_jessica_study
D:4:      layout_rooms, uniq_robin
D:5:      minmay_clustersquares, layout_layer_cave
D:6:      layout_gridville, mainiacjoe_overflow_big_doors, kb_rosetta
D:7:      layout_loops_ring, minmay_temple_entry_butterflies,
          kennysheep_cross_room, uniq_menkaure
D:8:      layout_basic, mainiacjoe_overflow_small_starburst, dpeg_lair_monsters,
          serial_shops, nicolae_shop_window_shopping,
          nicolae_figureground_sparkle
D:9:      layout_rooms, grunt_temple_overflow_open, zombieorc2_lemuel,
          minivault_22
D:10:     layout_stronghold, nemelex_diamond_rough_becter, serial_shops, shop
D:11:     cheibrodos_steamvent, layout_cave_pools, fedhas_altar_3
D:12:     layout_basic, uniq_maurice
D:13:     layout_roguey, cheibriados_altar_1
D:14:     layout_roguey, david_vaults_2, chequers_serial_rivers_room_b,
          grunt_potential, uniq_agnes
D:15:     hangedman_depths_entry_try_elsewhere_first, layout_irregular_city,
          pond
Temple:   minmay_temple_forest_path
Lair:1:   layout_loops_ring, infiniplex_staircase_pool, grunt_megastairs_1
Lair:2:   layout_long_grid, st_stairs_5
Lair:3:   layout_loops_ring, dummy_snake_entry, serial_forest,
          infiniplex_forest_lined_room_3, infiniplex_forest_straight_3,
          infiniplex_forest_lined_2, infiniplex_forest_clump_double,
          infiniplex_forest_straight_3, infiniplex_forest_clump_curved,
          minivault_26
Lair:4:   layout_loops_ring, minmay_shoals_entry_beasts
Lair:5:   layout_loops_ring, slime_altar_1, eino_house_with_fridge,
          uniq_josephine
Lair:6:   hellmonk_lair_end_abyssal_woods, layout_misc_corridors,
          lemuel_fruit_tree
Shoals:1: layout_shoals, serial_shops, nicolae_diamond_shop,
          nicolae_diamond_shop, nicolae_shop_behind_doors, uniq_nikola,
          uniq_louise
Shoals:2: layout_shoals
Shoals:3: layout_shoals
Shoals:4: shoals_end_grunt_ice, layout_shoals, nicolae_shoals_goliath_grotto
Snake:1:  layout_gridlike, serial_shops, nicolae_diamond_shop,
          beargit_elvish_explorers
Snake:2:  layout_basic, gammafunk_ghost_abyssal_escape
Snake:3:  layout_misc_corridors, grunt_megastairs_3, minmay_shop_grove
Snake:4:  snake_pit, layout_rooms, uniq_vashnia, uniq_mlioglotl, uniq_aizul
Orc:1:    layout_diamond_mine, portal_ice_cave_rime, mines4_lemuel
Orc:2:    st_orc_open, layout_caves, serial_shops, shop, basic_altar,
          dreamdust_deal_with_the_devil

Skill      XL: |  1  2  3  4  5  6  7  8  9 10 11 12 13 14 15 16 17 18 19 20 |
---------------+-------------------------------------------------------------+-----
Long Blades    | 3 4 5 7 8 10 13 14 15 16 17 | 17.9
Crossbows      | 3 5 7 9 11 12 16 18 19 21 | 21.7
Shields        | 4 5 7 8 10 12 13 15 | 15.0
Dodging        | 1 3 4 6 7 8 |  8.0
Invocations    | 2 6 9 11 12 14 | 14.0
Fighting       | 4 5 6 8 9 10 | 10.3
Armour         | 4 5 7 8 9 10 | 10.3

Action                   |  1- 3 |  4- 6 |  7- 9 | 10-12 | 13-15 | 16-18 | 19-21 || total
-------------------------+-------+-------+-------+-------+-------+-------+-------++-------
Melee: Long sword        |    63 |   103 |   298 |   207 |       |       |       ||   671
       Scimitar          |       |       |       |   349 |  1132 |    27 |       ||  1508
       Great sword       |       |       |       |       |       |   526 |    96 ||   622
 Fire: Hunting sling     |    14 |    89 |    41 |    26 |       |       |       ||   170
       Hand crossbow     |       |       |       |    71 |   140 |       |       ||   211
       Arbalest          |       |       |       |       |   141 |    19 |       ||   160
       Triple crossbow   |       |       |       |       |       |   664 |   546 ||  1210
Throw: Dart              |       |     3 |     8 |    28 |       |     4 |     1 ||    44
       Throwing net      |       |       |       |     1 |     3 |       |       ||     4
Invok: Heroism           |       |       |       |    13 |    18 |    16 |     5 ||    52
       Finesse           |       |       |       |       |     4 |     4 |     2 ||    10
       Duel              |       |       |       |       |       |     3 |     1 ||     4
 Abil: Dig               |       |     1 |     6 |     5 |    22 |     8 |     4 ||    46
Evoke: Wand              |       |       |     4 |    10 |    13 |     1 |     2 ||    30
  Use: Potion            |       |       |     3 |       |     1 |     5 |     2 ||    11
       Scroll            |       |       |       |    12 |    14 |     2 |     2 ||    30
 Stab: Paralysed         |       |       |       |       |     4 |       |       ||     4
       Petrified         |       |       |       |       |     2 |       |       ||     2
Armor: Scale mail        |     8 |       |       |       |       |       |       ||     8
       Plate armour      |    13 |    86 |   168 |    69 |       |       |       ||   336
       Storm dragon scal |       |       |       |   148 |   357 |   338 |   101 ||   944
Dodge: Dodged            |    25 |    35 |    79 |   154 |   355 |   322 |   111 ||  1081
Block: Buckler           |    21 |    31 |    47 |    79 |       |       |       ||   178
       Kite shield       |       |       |       |    19 |   341 |       |       ||   360
       Tower shield      |       |       |       |       |   168 |  1009 |   352 ||  1529

Table legend: (Time is in decaauts)
 A = Elapsed time spent in this place.
 B = Non-inter-level travel time spent in this place.
 C = Inter-level travel time spent in this place.
 D = Time resting spent in this place.
 E = Time spent auto-exploring this place.
 F = Levels seen in this place.
 G = Mean time per level.
                   A        B        C        D        E       F      G
               +--------+--------+--------+--------+--------+-----+--------+
         Total |  51999 |  50223 |   1776 |  10010 |  30312 |  37 | 1405.4 |
       Dungeon |  20224 |  19153 |   1071 |   2120 |  13369 |  15 | 1348.3 |
        Temple |    341 |    303 |     38 |      0 |    287 |   1 |  341.0 |
          Lair |  11637 |  11319 |    318 |   1520 |   8014 |   6 | 1939.5 |
        Shoals |   6169 |   6126 |     43 |   1535 |   3315 |   4 | 1542.2 |
     Snake Pit |   8762 |   8501 |    261 |   3239 |   3591 |   4 | 2190.5 |
  Orcish Mines |   2944 |   2900 |     44 |    747 |   1300 |   2 | 1472.0 |
      Ice Cave |   1828 |   1828 |      0 |    832 |    436 |   1 | 1828.0 |
         Arena |     91 |     91 |      0 |     14 |      0 |   4 |   22.8 |
               +--------+--------+--------+--------+--------+-----+--------+

Top non-repeatable levels by time:
  Lair:6: 2702 daAuts
 Snake:2: 2587 daAuts
Shoals:3: 2474 daAuts
 Snake:3: 2371 daAuts
     D:5: 2170 daAuts
  Lair:5: 2020 daAuts
     D:7: 2013 daAuts
 Snake:4: 1992 daAuts
  Lair:1: 1928 daAuts
  Lair:4: 1900 daAuts
   IceCv: 1828 daAuts
     D:8: 1818 daAuts
 Snake:1: 1810 daAuts
   Orc:1: 1756 daAuts
  Lair:3: 1747 daAuts
